 Dungeon Crawl Stone Soup version 0.30.1-11-g7821555f0a (webtiles) character file.

Game seed: 16276190638455755298

68 Gumption the Chopper (level 4, -1/41 HPs)
             Began as a Minotaur Berserker on Oct 28, 2023.
             Was a Follower of Trog.
             Slain by a dart slug (3 damage)
             ... on level 2 of the Dungeon.
             The game lasted 00:10:13 (1654 turns).

Gumption the Chopper (Minotaur Berserker)           Turns: 1654, Time: 00:10:14

Health: -1/41      AC:  5    Str: 29    XL:     4   Next: 1%
Magic:  3/3        EV: 11    Int:  4    God:    Trog [*.....]
Gold:   47         SH:  0    Dex: 10    Spells: 3/3 levels left

rFire   . . .        a - +0 hand axe
rCold   . . .        (no shield)
rNeg    . . .        c - +0 ring mail
rPois   .            (helmet restricted)
rElec   .            (no cloak)
rCorr   .            (no gloves)
SInv    .            (no boots)
Will    .....        (no amulet) Stlth
                     e - +6 ring of strength
HPRegen 0.26/turn    (no ring)
MPRegen 0.08/turn

%: no passive effects
@: no status effects
A: horns 2, retaliatory headbutt
a: Renounce Religion, Berserk


You were on level 2 of the Dungeon.
You worshipped Trog.
Trog was aware of your devotion.
You visited 1 branch of the dungeon, and saw 2 of its levels.

You collected 47 gold pieces.

Inventory:

Hand Weapons
 a - a +0 hand axe (weapon)
 w - a +2 dagger of venom
Missiles
 j - 4 stones (quivered)
Armour
 b - a +0 animal skin
 c - a +0 ring mail (worn)
Jewellery
 e - a +6 ring of strength (left hand)
Scrolls
 d - a scroll of enchant armour {unknown}
 f - 3 scrolls of identify {unknown}
 i - a scroll of blinking {unknown}
 k - a scroll of poison {unknown}
 l - a scroll of acquirement {unknown}
Potions
 g - a potion of attraction {unknown}
 h - a potion of ambrosia {unknown}


   Skills:
 + Level 4.3 Fighting
 * Level 4.9 Axes
 + Level 3.2 Armour
 - Level 2.2 Dodging


You had 3 spell levels left.
You didn't know any spells.
Your spell library was empty.

Dungeon Overview and Level Annotations

Branches:
Dungeon (2/15)

Altars:


Innate Abilities, Weirdness & Mutations

You have a pair of horns on your head.
You reflexively headbutt those who attack you in melee.


Message History

There is a stone staircase leading down here.
Unknown command.
You climb downwards.
The gnoll barely misses you. You furiously retaliate!
You headbutt the gnoll!
You kill the gnoll!
Trog accepts your kill.
There is a stone staircase leading up here.
The gnoll barely misses you.
A gnoll comes into view. It is wielding a +0 flail.
The gnoll shouts!
The gnoll hits you with a +0 spear.
You hit the gnoll.
The gnoll is moderately wounded.
The gnoll completely misses you. You furiously retaliate!
You headbutt the gnoll!
You kill the gnoll!
Trog accepts your kill.
A dart slug comes into view.
You have reached level 4!
You feel agile.
Things that are here:
a +0 spear; a gnoll corpse You hit the gnoll but do no damage.
Your headbutt misses the gnoll. The gnoll hits you with a +0 flail.
You hit the gnoll.
The gnoll is lightly wounded.
The gnoll hits you with a +0 flail!
You barely miss the gnoll. You headbutt the gnoll!
The gnoll is almost dead.
The gnoll hits you with a +0 flail.
You barely miss the gnoll. Your headbutt misses the gnoll.
The gnoll is almost dead.
The gnoll hits you with a +0 flail!
* * * LOW HITPOINT WARNING * * *
You closely miss the gnoll. Your headbutt misses the gnoll.
The gnoll is almost dead.
You hit the dart slug. The gnoll hits you with a +0 flail.
* * * LOW HITPOINT WARNING * * *
The dart slug bites you.
You die...

#.#.....#
###########....>.#
#..............###
#.........#.)#.#
#............<.#
####.........#.†..###
#...................#
..##...†........)...#
..S<............@...#
..##............gw..#
# #................#
#..........>.....#
#..###..##.......#
...## ............#
..### .###........
#.# .##........#. ..
#.#####..#..


You could see a gnoll and a dart slug.

Vanquished Creatures
  2 gnolls (D:2)
  3 adders
  A dart slug (D:2)
  A bat (D:1)
  An endoplasm (D:1)
  A giant cockroach (D:1)
  3 goblins
  A hobgoblin (D:2)
  2 jackals (D:1)
  A kobold (D:1)
  2 ball pythons (D:1)
  A frilled lizard (D:1)
  2 rats (D:1)
21 creatures vanquished.

Notes
Turn   | Place    | Note
-------+----------+-------------------------------------------
     0 | D:1      | Gumption the Minotaur Berserker began the quest for the
                  | Orb.
     0 | D:1      | Reached XP level 1. HP: 19/19 MP: 0/0
   660 | D:1      | Reached XP level 2. HP: 27/27 MP: 1/1
  1543 | D:2      | Reached XP level 3. HP: 33/33 MP: 2/2
  1648 | D:2      | Reached XP level 4. HP: 37/41 MP: 3/3
  1654 | D:2      | HP: 2/41 [gnoll/+0 flail (4)]
  1654 | D:2      | Slain by a dart slug

Illustrated notes

Levels and vault maps discovered:
D:1:      wander_arrival_estate, layout_basic
D:2:      layout_rooms, uniq_terence

Skill      XL: |  1  2 |
---------------+-------+-----
Axes           | 4 |  4.9
Fighting       | 4 |  4.3
Armour         | 3 |  3.2
Dodging        | |  2.2

Action                     |  1- 3 |  4- 6 || total
---------------------------+-------+-------++-------
  Melee: Hand axe          |    48 |     5 ||    53
         Headbutt          |     5 |     1 ||     6
  Throw: Stone             |     6 |       ||     6
 Armour: Ring mail         |    13 |       ||    13
         Animal skin       |     3 |       ||     3
  Dodge: Dodged            |    28 |       ||    28
